PA
GWINNETT COUNTY BLACK CATS @ SOUTH BEACH BLAZE
06/24/2029
 
TOP OF THE 1ST
Gwinnett County Black Cats batting - Pitching for South Beach Blaze : RHP Shaun Mahle
Pitching: RHP Shaun Mahle
Batting: LHB Ramón Vega 0-0: Ball
1-0: Ground out 5-3 (Groundball, 5L)
Batting: RHB Luc Bartoli 0-0: Ball
1-0: Ball
2-0: Called Strike
2-1: Ball
3-1: Base on Balls
Batting: RHB Sidney Mackell 0-0: Called Strike
Luc Bartoli steals 2nd base
0-1: Foul Ball, location: 2F
0-2: Fly out, F7 (Flyball, 7S)
Batting: LHB Víctor Sánchez 0-0: Foul Ball, location: 2F
0-1: Foul Ball, location: 2F
0-2: Ball
1-2: Foul Ball, location: 2F
1-2: Fly out, F6 (Popup, P)
Top of the 1st over - 0 runs, 0 hits, 0 errors, 1 left on base; Gwinnett County 0 - South Beach 0
BOTTOM OF THE 1ST
South Beach Blaze batting - Pitching for Gwinnett County Black Cats : LHP Unto Leino
Pitching: LHP Unto Leino
Batting: RHB Fortunato Rasquinha 0-0: Swinging Strike
0-1: Swinging Strike
0-2: Foul Ball, location: 2F
0-2: Ball
1-2: Foul Ball, location: 2F
1-2: Ball
2-2: Ball
3-2: Foul Ball, location: 2F
3-2: Strikes out looking and he ARGUES THE CALL AND IS TOSSED!
Batting: RHB Harlan Peppers 0-0: Ground out 5-3 (Groundball, 56S)
Batting: LHB Sepulveda Zambrano 0-0: Ball
1-0: Ball
2-0: Ball
3-0: Called Strike
3-1: Called Strike
3-2: Foul Ball, location: 2F
3-2: Ground out 3-1 (Groundball, 34)
Bottom of the 1st over - 0 runs, 0 hits, 0 errors, 0 left on base; Gwinnett County 0 - South Beach 0
TOP OF THE 2ND
Gwinnett County Black Cats batting - Pitching for South Beach Blaze : RHP Shaun Mahle
Batting: RHB Manuel Barrios 0-0: Foul Ball, location: 2F
0-1: Ball
1-1: Ball
2-1: Called Strike
2-2: Foul Ball, location: 2F
2-2: Strikes out swinging
Batting: RHB Chang-lit Min 0-0: Ball
1-0: Ball
2-0: Fly out, F3 (Popup, 3SF)
Batting: RHB Bill Wilson 0-0: Foul Ball, location: 2F
0-1: Ball
1-1: Foul Ball, location: 2F
1-2: Ball
2-2: Ground out 4-3 (Groundball, 4)
Top of the 2nd over - 0 runs, 0 hits, 0 errors, 0 left on base; Gwinnett County 0 - South Beach 0
BOTTOM OF THE 2ND
South Beach Blaze batting - Pitching for Gwinnett County Black Cats : LHP Unto Leino
Batting: RHB Greg Schiff 0-0: Ball
1-0: Called Strike
1-1: Ball
2-1: Ball
3-1: Swinging Strike
3-2: Foul Ball, location: 2F
3-2: Base on Balls
Batting: RHB Daniel Bertrand 0-0: Foul Ball, location: 2F
0-1: Ball
1-1: Called Strike
1-2: Ball
2-2: Grounds into double play, 4-6-3 (Groundball, 4)
Batting: SHB Serious Lee 0-0: DOUBLE (Line Drive, 89XD)
Batting: RHB Giobbe Bastedo 0-0: Called Strike
0-1: Ball
1-1: Swinging Strike
1-2: Strikes out swinging
Bottom of the 2nd over - 0 runs, 1 hit, 0 errors, 1 left on base; Gwinnett County 0 - South Beach 0
TOP OF THE 3RD
Gwinnett County Black Cats batting - Pitching for South Beach Blaze : RHP Shaun Mahle
Batting: LHB Marvello Obra 0-0: Ball
1-0: Ball
2-0: Ground out 6-3 (Groundball, 6MS)
Batting: RHB Elder Sarrano 0-0: Foul Ball, location: 2F
0-1: Called Strike
0-2: SINGLE (Line Drive, 4D)
Batting: LHB Ramón Vega 0-0: Foul Ball, location: 2F
0-1: Foul Ball, location: 2F
0-2: Ball
1-2: Fly out, F9 (Flyball, 89D)
Batting: RHB Luc Bartoli 0-0: Called Strike
0-1: Foul Ball, location: 2F
0-2: Ball
1-2: Ball
2-2: Ball
3-2: Strikes out swinging
Top of the 3rd over - 0 runs, 1 hit, 0 errors, 1 left on base; Gwinnett County 0 - South Beach 0
BOTTOM OF THE 3RD
South Beach Blaze batting - Pitching for Gwinnett County Black Cats : LHP Unto Leino
Batting: RHB Ed Bowers 0-0: Called Strike
0-1: Ball
1-1: Foul Ball, location: 2F
1-2: SINGLE (Groundball, 4D)
Batting: LHB Raymond Graham 0-0: SINGLE (Flyball, 7S)
Ed Bowers to second
Ed Bowers to third
Batting: LHB Ed Gordon 0-0: Ball
1-0: Foul Ball, location: 2F
1-1: Foul Ball, location: 2F
1-2: Fielders Choice at 2nd, 4-6 (Groundball, 4)
Ed Bowers scores
Batting: RHB Harlan Peppers 0-0: Swinging Strike
0-1: Ball
1-1: Called Strike
1-2: Foul Ball, location: 2F
1-2: Foul Ball, location: 2F
1-2: Ball
2-2: Grounds into double play, 6-4-3 (Groundball, 6)
Bottom of the 3rd over - 1 run, 2 hits, 0 errors, 0 left on base; Gwinnett County 0 - South Beach 1
TOP OF THE 4TH
Gwinnett County Black Cats batting - Pitching for South Beach Blaze : RHP Shaun Mahle
Batting: RHB Sidney Mackell 0-0: Called Strike
0-1: Foul Ball, location: 2F
0-2: Ball
1-2: Foul Ball, location: 2F
1-2: Ball
2-2: Ball
3-2: Base on Balls
Batting: LHB Víctor Sánchez 0-0: Ball
1-0: Foul Ball, location: 2F
1-1: Foul Ball, location: 2F
1-2: Ball
2-2: Ball
3-2: Ground out 4-3 (Groundball, 4S)
Sidney Mackell to second
Batting: RHB Manuel Barrios 0-0: Foul Ball, location: 2F
0-1: Ball
1-1: Ball
2-1: Fly out, F9 (Line Drive, 89M)
Batting: RHB Chang-lit Min 0-0: Ball
1-0: Called Strike
1-1: Foul Ball, location: 2F
1-2: Fly out, F9 (Flyball, 9LM)
Top of the 4th over - 0 runs, 0 hits, 0 errors, 1 left on base; Gwinnett County 0 - South Beach 1
BOTTOM OF THE 4TH
South Beach Blaze batting - Pitching for Gwinnett County Black Cats : LHP Unto Leino
Batting: LHB Sepulveda Zambrano 0-0: Ball
1-0: Swinging Strike
1-1: Foul Ball, location: 2F
1-2: Ground out U3 (Groundball, 3)
Batting: RHB Greg Schiff 0-0: Called Strike
0-1: Ball
1-1: Foul Ball, location: 2F
1-2: Strikes out swinging
Batting: RHB Daniel Bertrand 0-0: Swinging Strike
0-1: Swinging Strike
0-2: SINGLE (Groundball, 34D)
Batting: SHB Serious Lee 0-0: Called Strike
0-1: Ball
1-1: SINGLE (Groundball, 5) (infield hit)
Daniel Bertrand to second
Batting: RHB Giobbe Bastedo 0-0: Ball
1-0: Ball
2-0: Swinging Strike
2-1: Called Strike
2-2: Foul Ball, location: 2F
2-2: Ball
3-2: Foul Ball, location: 2F
3-2: SINGLE (Flyball, 7LS)
Daniel Bertrand to third
Serious Lee to second
Daniel Bertrand scores
Serious Lee to third
Batting: RHB Ed Bowers 0-0: Fielders Choice at 2nd, 6-4 (Groundball, 6)
Bottom of the 4th over - 1 run, 3 hits, 0 errors, 2 left on base; Gwinnett County 0 - South Beach 2
TOP OF THE 5TH
Gwinnett County Black Cats batting - Pitching for South Beach Blaze : RHP Shaun Mahle
Batting: RHB Bill Wilson 0-0: Called Strike
0-1: Ball
1-1: Foul Ball, location: 2F
1-2: SINGLE (Groundball, 56D)
Batting: LHB Marvello Obra 0-0: Foul Ball, location: 2F
0-1: Ball
1-1: Foul Ball, location: 2F
1-2: Ball
2-2: Ball
3-2: Fly out, F8 (Flyball, 8RM)
Pitching: RHP David Ndahura
Batting: RHB Elder Sarrano 0-0: Called Strike
Bill Wilson is caught stealing 2nd base
0-1: Ball
1-1: Foul Ball, location: 2F
1-2: Foul Ball, location: 2F
1-2: Fly out, F9 (Flyball, 9)
Top of the 5th over - 0 runs, 1 hit, 0 errors, 0 left on base; Gwinnett County 0 - South Beach 2
BOTTOM OF THE 5TH
South Beach Blaze batting - Pitching for Gwinnett County Black Cats : LHP Unto Leino
Batting: LHB Raymond Graham 0-0: SINGLE (Line Drive, 7S)
Batting: LHB Ed Gordon 0-0: Sac Bunt - play at first, batter OUT! 1-3
Raymond Graham to second
Batting: RHB Harlan Peppers 0-0: Ball
1-0: Ball
2-0: Ground out 4-3 (Groundball, 4)
Raymond Graham to third
Now at 2B: Kauna Aleferede
Batting: LHB Sepulveda Zambrano 0-0: Ball
1-0: Ground out 6-3 (Groundball, 6)
Bottom of the 5th over - 0 runs, 1 hit, 0 errors, 1 left on base; Gwinnett County 0 - South Beach 2
TOP OF THE 6TH
Gwinnett County Black Cats batting - Pitching for South Beach Blaze : RHP David Ndahura
Batting: LHB Ramón Vega 0-0: Ball
1-0: Called Strike
1-1: Ball
2-1: Foul Ball, location: 2F
2-2: Ball
3-2: Base on Balls
Batting: RHB Luc Bartoli 0-0: Called Strike
0-1: Ball
1-1: Foul Ball, location: 2F
1-2: Ball
2-2: Fly out, F7 (Flyball, 78D)
Pitching: RHP Sima Babic
Batting: RHB Sidney Mackell 0-0: Ball
1-0: Called Strike
1-1: Fly out, F6 (Line Drive, 6)
Batting: LHB Víctor Sánchez 0-0: Ball
1-0: Foul Ball, location: 2F
1-1: Ball
2-1: Ball
3-1: Base on Balls
Ramón Vega to second
Batting: RHB Manuel Barrios 0-0: Fly out, F6 (Line Drive, 6M)
Top of the 6th over - 0 runs, 0 hits, 0 errors, 2 left on base; Gwinnett County 0 - South Beach 2
BOTTOM OF THE 6TH
South Beach Blaze batting - Pitching for Gwinnett County Black Cats : LHP Unto Leino
Batting: RHB Greg Schiff 0-0: Ground out 5-3 (Groundball, 5L)
Batting: RHB Daniel Bertrand 0-0: Hit by Pitch
Batting: SHB Serious Lee 0-0: Ball
1-0: Called Strike
Pickoff Throw to First - Error! E1
Daniel Bertrand to second
1-1: Swinging Strike
1-2: Strikes out swinging
Batting: RHB Giobbe Bastedo 0-0: SINGLE (Groundball, 6) (infield hit)
Daniel Bertrand to third
Batting: RHB Ed Bowers 0-0: Ball
1-0: Ball
2-0: Called Strike
2-1: Foul Ball, location: 2F
2-2: Foul Ball, location: 2F
2-2: Ball
3-2: Foul Ball, location: 2F
3-2: Foul Ball, location: 2F
3-2: Base on Balls
Giobbe Bastedo to second
Batting: LHB Raymond Graham 0-0: Swinging Strike
0-1: Swinging Strike
0-2: Ball
1-2: Ball
2-2: Fly out, F8 (Flyball, 8LM)
Bottom of the 6th over - 0 runs, 1 hit, 1 error, 3 left on base; Gwinnett County 0 - South Beach 2
TOP OF THE 7TH
Gwinnett County Black Cats batting - Pitching for South Beach Blaze : RHP Sima Babic
Batting: RHB Chang-lit Min 0-0: Ball
1-0: Ball
2-0: Called Strike
2-1: Foul Ball, location: 2F
2-2: Ball
3-2: Strikes out swinging
Batting: RHB Kauna Aleferede 0-0: Ball
1-0: Called Strike
1-1: Fly out, F6 (Line Drive, 6)
Batting: LHB Marvello Obra 0-0: Swinging Strike
0-1: Foul Ball, location: 2F
0-2: Ball
1-2: Ball
2-2: Ball
3-2: DOUBLE (Flyball, 89D)
Batting: RHB Elder Sarrano 0-0: Called Strike
0-1: Swinging Strike
0-2: Strikes out swinging
Top of the 7th over - 0 runs, 1 hit, 0 errors, 1 left on base; Gwinnett County 0 - South Beach 2
BOTTOM OF THE 7TH
South Beach Blaze batting - Pitching for Gwinnett County Black Cats : LHP Unto Leino
Batting: LHB Ed Gordon 0-0: Ball
1-0: SINGLE (Line Drive, 89S)
Batting: RHB Harlan Peppers 0-0: Ball
1-0: Bunted foul
1-1: Sac Bunt - play at first, batter OUT! 5-4
Ed Gordon to second
Batting: LHB Sepulveda Zambrano 0-0: Foul Ball, location: 2F
0-1: Ground out U3 (Groundball, 3)
Ed Gordon to third
Batting: RHB Greg Schiff 0-0: Ball
1-0: Ball
2-0: Foul Ball, location: 2F
2-1: Fly out, F6 (Popup, 6M)
Bottom of the 7th over - 0 runs, 1 hit, 0 errors, 1 left on base; Gwinnett County 0 - South Beach 2
TOP OF THE 8TH
Gwinnett County Black Cats batting - Pitching for South Beach Blaze : RHP Sima Babic
Batting: LHB Ramón Vega 0-0: Ball
1-0: Hit by Pitch
Batting: RHB Luc Bartoli 0-0: Ball
1-0: Ball
2-0: Ball
3-0: Called Strike
3-1: Called Strike
3-2: Foul Ball, location: 2F
3-2: Strikes out swinging
Ramón Vega steals 2nd base
Batter strikes out.
Batting: RHB Sidney Mackell 0-0: Called Strike
0-1: Ball
1-1: Fly out, F9 (Flyball, 9LM)
Batting: LHB Víctor Sánchez 0-0: Ball
1-0: Ball
2-0: Called Strike
2-1: Foul Ball, location: 2F
2-2: Foul Ball, location: 2F
2-2: Ball
3-2: SINGLE (Groundball, 3S) (infield hit)
Ramón Vega to third
Pitching: RHP Zion DeBose
Batting: RHB Manuel Barrios 0-0: Ball
1-0: SINGLE (Groundball, 34D)
Ramón Vega scores
Víctor Sánchez to second
Runner from 2nd tries for 3rd, SAFE, no throw
Batting: RHB Chang-lit Min 0-0: Ball
1-0: Swinging Strike
1-1: Foul Ball, location: 2F
1-2: Foul Ball, location: 2F
1-2: Foul Ball, location: 2F
1-2: Ground out 1-3 (Groundball, 13)
Top of the 8th over - 1 run, 2 hits, 0 errors, 2 left on base; Gwinnett County 1 - South Beach 2
BOTTOM OF THE 8TH
South Beach Blaze batting - Pitching for Gwinnett County Black Cats : RHP Orinosuke Hayakawa
Pitching: RHP Orinosuke Hayakawa
Batting: RHB Daniel Bertrand 0-0: Swinging Strike
0-1: Called Strike
0-2: Foul Ball, location: 2F
0-2: Ball
1-2: Strikes out swinging
Batting: SHB Serious Lee 0-0: Ball
1-0: Swinging Strike
1-1: Ball
2-1: Foul Ball, location: 2F
2-2: Strikes out swinging
Batting: RHB Giobbe Bastedo 0-0: Called Strike
0-1: Ball
1-1: Ball
2-1: Ball
3-1: Base on Balls
Pinch Hitting: LHB Marcel Escoda 0-0: Ball
Giobbe Bastedo steals 2nd base
1-0: Called Strike
1-1: Fly out, F4 (Popup, 4MD)
Bottom of the 8th over - 0 runs, 0 hits, 0 errors, 1 left on base; Gwinnett County 1 - South Beach 2
TOP OF THE 9TH
Gwinnett County Black Cats batting - Pitching for South Beach Blaze : RHP Zion DeBose
Now in RF: Marcel Escoda
Batting: RHB Kauna Aleferede 0-0: Ball
1-0: Swinging Strike
1-1: Swinging Strike
1-2: SINGLE (Flyball, 8RS)
Batting: LHB Marvello Obra 0-0: Ball
1-0: Ball
2-0: DOUBLE (Flyball, 89D)
Kauna Aleferede to third
Runner from 3rd tries for Home, SAFE, throw made at trailing runner, OUT at third!
Pinch Hitting: RHB Matt Jeong 0-0: Swinging Strike
0-1: Foul Ball, location: 2F
0-2: Foul Ball, location: 2F
0-2: Ball
1-2: Strikes out swinging
Batting: LHB Ramón Vega 0-0: Ball
1-0: Ball
2-0: Called Strike
2-1: Ball
3-1: Ground out 5-3 (Groundball, 5)
Top of the 9th over - 1 run, 2 hits, 0 errors, 0 left on base; Gwinnett County 2 - South Beach 2
BOTTOM OF THE 9TH
South Beach Blaze batting - Pitching for Gwinnett County Black Cats : RHP Orinosuke Hayakawa
Now in RF: Matt Jeong
Batting: LHB Raymond Graham 0-0: Ground out U3 (Groundball, 34)
Batting: LHB Ed Gordon 0-0: Ball
1-0: Ground out U3 (Groundball, 3)
Batting: RHB Harlan Peppers 0-0: Ball
1-0: Foul Ball, location: 2F
1-1: Ball
2-1: Ball
3-1: Fly out, F8 (Flyball, 8LS)
Bottom of the 9th over - 0 runs, 0 hits, 0 errors, 0 left on base; Gwinnett County 2 - South Beach 2
TOP OF THE 10TH
Gwinnett County Black Cats batting - Pitching for South Beach Blaze : RHP Zion DeBose
Batting: RHB Luc Bartoli 0-0: Ball
1-0: Swinging Strike
1-1: Foul Ball, location: 2F
1-2: Strikes out swinging
Batting: RHB Sidney Mackell 0-0: Ball
1-0: Foul Ball, location: 2F
1-1: Called Strike
1-2: Ball
2-2: Foul Ball, location: 2F
2-2: Ball
3-2: Ground out 5-3 (Groundball, 5)
Batting: LHB Víctor Sánchez 0-0: Called Strike
0-1: Ball
1-1: Ground out U3 (Groundball, 3)
Top of the 10th over - 0 runs, 0 hits, 0 errors, 0 left on base; Gwinnett County 2 - South Beach 2
BOTTOM OF THE 10TH
South Beach Blaze batting - Pitching for Gwinnett County Black Cats : RHP Orinosuke Hayakawa
Pitching: RHP Ming-hoa Zhou
Batting: LHB Sepulveda Zambrano 0-0: Ball
1-0: Called Strike
1-1: Fly out, F6 (Line Drive, 6M)
Batting: RHB Greg Schiff 0-0: Ball
1-0: Foul Ball, location: 2F
1-1: Ball
2-1: Called Strike
2-2: Foul Ball, location: 2F
2-2: Strikes out swinging
Batting: RHB Daniel Bertrand 0-0: Called Strike
0-1: Ball
1-1: Ball
2-1: Fly out, F7 (Flyball, 7LS)
Bottom of the 10th over - 0 runs, 0 hits, 0 errors, 0 left on base; Gwinnett County 2 - South Beach 2
TOP OF THE 11TH
Gwinnett County Black Cats batting - Pitching for South Beach Blaze : RHP Zion DeBose
Batting: RHB Manuel Barrios 0-0: Ball
1-0: Ground out 5-3 (Groundball, 56)
Batting: RHB Chang-lit Min 0-0: Called Strike
0-1: Fly out, F7 (Line Drive, 7)
Batting: RHB Kauna Aleferede 0-0: Ground out 6-3 (Groundball, 6)
Top of the 11th over - 0 runs, 0 hits, 0 errors, 0 left on base; Gwinnett County 2 - South Beach 2
BOTTOM OF THE 11TH
South Beach Blaze batting - Pitching for Gwinnett County Black Cats : RHP Ming-hoa Zhou
Batting: SHB Serious Lee 0-0: Ball
1-0: Ball
2-0: Foul Ball, location: 2F
2-1: Foul Ball, location: 2F
2-2: Ground out 6-3 (Groundball, 56)
Batting: RHB Giobbe Bastedo 0-0: Ball
1-0: Ball
2-0: Called Strike
2-1: Swinging Strike
2-2: Foul Ball, location: 2F
2-2: Foul Ball, location: 2F
2-2: Ball
3-2: Fly out, F8 (Flyball, 89M)
Batting: LHB Marcel Escoda 0-0: Ball
1-0: Swinging Strike
1-1: Foul Ball, location: 2F
1-2: Ball
2-2: Strikes out swinging
Bottom of the 11th over - 0 runs, 0 hits, 0 errors, 0 left on base; Gwinnett County 2 - South Beach 2
TOP OF THE 12TH
Gwinnett County Black Cats batting - Pitching for South Beach Blaze : RHP Zion DeBose
Batting: LHB Marvello Obra 0-0: Ball
1-0: Ball
2-0: Fly out, F7 (Flyball, 78D)
Batting: RHB Matt Jeong 0-0: Ball
1-0: Called Strike
1-1: SINGLE (Groundball, 56S) (infield hit)
Batting: LHB Ramón Vega 0-0: Ball
1-0: Ball
2-0: Ball
3-0: Called Strike
3-1: Fly out, F9 (Line Drive, 9)
Batting: RHB Luc Bartoli 0-0: Ball
1-0: Swinging Strike
1-1: Called Strike
Matt Jeong is caught stealing 2nd base
Top of the 12th over - 0 runs, 1 hit, 0 errors, 0 left on base; Gwinnett County 2 - South Beach 2
BOTTOM OF THE 12TH
South Beach Blaze batting - Pitching for Gwinnett County Black Cats : RHP Ming-hoa Zhou
Pitching: RHP Francisco Medrano
Batting: LHB Raymond Graham 0-0: Ball
1-0: Ball
2-0: Ball
3-0: Called Strike
3-1: Fly out, F4 (Line Drive, 4)
Batting: LHB Ed Gordon 0-0: Ball
1-0: Called Strike
1-1: SINGLE (Line Drive, 4MD)
Batting: RHB Harlan Peppers 0-0: Ball
1-0: Called Strike
1-1: Called Strike
1-2: Grounds into double play, 6-4-3 (Groundball, 56)
Bottom of the 12th over - 0 runs, 1 hit, 0 errors, 0 left on base; Gwinnett County 2 - South Beach 2
TOP OF THE 13TH
Gwinnett County Black Cats batting - Pitching for South Beach Blaze : RHP Zion DeBose
Batting: RHB Luc Bartoli 0-0: Called Strike
0-1: Called Strike
0-2: Ball
1-2: Foul Ball, location: 2F
1-2: Fly out, F2 (Popup, 2RF)
Batting: RHB Sidney Mackell 0-0: Foul Ball, location: 2F
0-1: Swinging Strike
0-2: Foul Ball, location: 2F
0-2: Foul Ball, location: 2F
0-2: Ball
1-2: DOUBLE (Line Drive, 9LM)
Batting: LHB Víctor Sánchez 0-0: Intentional Walk
Pitching: LHP Leo Ingelbrigtsen
Batting: RHB Manuel Barrios 0-0: Ball
1-0: SINGLE (Line Drive, 6MD)
Sidney Mackell to third
Víctor Sánchez to second
Runner from 3rd tries for Home, SAFE, no throw
Batting: RHB Chang-lit Min 0-0: Fly out, F4 (Line Drive, 4M)
Batting: RHB Kauna Aleferede 0-0: Called Strike
0-1: Ground out 1-3 (Groundball, P)
Top of the 13th over - 1 run, 2 hits, 0 errors, 2 left on base; Gwinnett County 3 - South Beach 2
BOTTOM OF THE 13TH
South Beach Blaze batting - Pitching for Gwinnett County Black Cats : RHP Francisco Medrano
Now at C: Rikky van Opel
Batting: LHB Sepulveda Zambrano 0-0: Foul Ball, location: 2F
0-1: Swinging Strike
0-2: Strikes out swinging
Batting: RHB Greg Schiff 0-0: Swinging Strike
0-1: SINGLE (Flyball, 9LS)
Batting: RHB Daniel Bertrand 0-0: Ball
1-0: Called Strike
1-1: Called Strike
1-2: Foul Ball, location: 2F
1-2: 2-RUN HOME RUN (Flyball, 7LD), Distance : 396 ft
Tuesday, December 19th, 2017 - OOTP Baseball 18.8 Build 76